AoeStats
← Fenix

Arena

509917200Analyzed
2v2 RM · 5d ago on Sep 28, 2026· 15m 26s· 4 players
Game mode
Random Map
Map size
Medium (4 player)
Population
200
Speed
Normal
Resources
Standard
Victory
Conquest
Starting age
Dark Age
Ending age
Imperial Age
RankedLock teamsTeams togetherTeam positionsShared explorationLock speedFull tech treeHidden civsTurbo modeCheats
Victory
Defeat
🇩🇰 Armenians · Denmark
1402
+16
🇩🇰 Cumans · Denmark
1402
+16
🇵🇪 Cumans · Peru
1403
-16
🇵🇪 Spanish · Peru
1391
-16
Fenix
10:46 Feudal Age
14:33 Castle Age
13:03 Double-Bit Axe
Anakin
6:36 Loom
9:09 Feudal Age
9:59 Double-Bit Axe
11:40 Horse Collar
jakobtoxvig
6:51 Loom
9:27 Feudal Age
15:30 Double-Bit Axe
Kevtech
10:28 Feudal Age
10:54 Double-Bit Axe
11:24 Horse Collar
12:11 Man-at-Arms
13:33 Wheelbarrow
13:29 Long Swordsman
14:04 Loom
14:23 Scale Mail Armor
Connection lost

Rejoining the realm…

Still unreachable

The connection could not be restored.

Session expired

The server has moved on; the page needs a fresh start.